 Dungeon Crawl Stone Soup version 0.30.1-9-gdf580d7c3d (webtiles) character file.

Game seed: 9351612374018959311

62 danielguo94 the Covered (level 4, -5/28 HPs)
             Began as a Gargoyle Fighter on Oct 10, 2023.
             Slain by Crazy Yiuf
             ... wielding a +3 quarterstaff of chaos
              (10 damage)
             ... on level 2 of the Dungeon.
             The game lasted 00:01:51 (1657 turns).

danielguo94 the Covered (Gargoyle Fighter)          Turns: 1657, Time: 00:01:52

Health: -5/28      AC: 11    Str: 19    XL:     4   Next: 8%
Magic:  4/4        EV:  9    Int:  9    God:
Gold:   194        SH:  4    Dex: 11    Spells: 3/3 levels left

rFire   . . .        a - +0 flail
rCold   . . .        c - +0 buckler
rNeg    + . .        b - +0 scale mail
rPois   ∞            (no helmet)
rElec   +            j - +0 cloak
rCorr   .            (no gloves)
SInv    .            (no boots)
Will    .....        (no amulet) Stlth
                     (no ring)
HPRegen 0.24/turn    (no ring)
MPRegen 0.09/turn

%: no passive effects
@: hasted, very quick
A: sickness immunity, AC +3, negative energy resistance 1, electricity
resistance, torment resistance 1, petrification resistance
a: no special abilities


You were on level 2 of the Dungeon.
You visited 1 branch of the dungeon, and saw 2 of its levels.

You collected 194 gold pieces.

Inventory:

Hand Weapons
 a - a +0 flail (weapon)
Armour
 b - a +0 scale mail (worn)
 c - a +0 buckler (worn)
 j - a +0 cloak (worn)
Jewellery
 f - an amulet of magic regeneration
Scrolls
 e - a scroll of amnesia {unknown}
 h - a scroll of blinking {unknown}
 l - a scroll of enchant armour {unknown}
 q - a scroll of noise {unknown}
 r - a scroll of teleportation {unknown}
Potions
 d - 2 potions of might
 i - 3 potions of haste
 k - a potion of magic {unknown}
 m - a potion of mutation {unknown}
 n - a potion of resistance {unknown}
 o - a potion of degeneration {unknown}
 p - a potion of cancellation {unknown}
 s - a potion of brilliance {unknown}
 t - a potion of curing {unknown}


   Skills:
 + Level 3.6 Fighting
 + Level 2.7 Maces & Flails
 + Level 3.8 Armour
 + Level 1.0 Dodging
 - Level 0.2 Stealth
 + Level 3.7 Shields


You had 3 spell levels left.
You didn't know any spells.
Your spell library was empty.

Dungeon Overview and Level Annotations

Branches:
Dungeon (2/15)

Altars:
Kikubaaqudgha

Annotations:
D:2 Crazy Yiuf


Innate Abilities, Weirdness & Mutations

You are immune to sickness and miasma.
Your stone body is resilient. (AC +3)
You are immune to poison.
You resist negative energy. (rN+)
You are resistant to electric shocks. (rElec)
You are resistant to unholy torment.
You are immune to petrification.


Message History

No target in view!
You see here a bat corpse.
You enter the shallow water.
Moving in this stuff is going to be slow.
You enter the shallow water.
Moving in this stuff is going to be slow.
Key pressed, stopping explore.
There is a stone staircase leading up here.
You see here 7 stones.
Found a hammer.
Found a runed translucent door.
Crazy Yiuf shouts!
You see here 7 stones.
You enter the shallow water.
Moving in this stuff is going to be slow.
You enter the shallow water.
Moving in this stuff is going to be slow.
You enter the shallow water.
Moving in this stuff is going to be slow.
You enter the shallow water.
Moving in this stuff is going to be slow.
Key pressed, stopping explore.
Could not explore, unopened runed door.
You open the door.
Crazy Yiuf zaps a wand.
The bolt of dispelling energy hits you!
Ouch! That really hurt!
You aren't carrying any items that you can evoke.
Unknown command.
Unknown command.
You close the door.
Crazy Yiuf opens the door.
You feel much better.
Crazy Yiuf zaps a wand.
The bolt of dispelling energy hits you!!
Ouch! That really hurt!
Crazy Yiuf says, "Tonal ena mumblescurry!"
Crazy Yiuf hits you with a +3 quarterstaff of chaos.
* * * LOW HITPOINT WARNING * * *
You feel yourself speed up.
There is an open translucent door here.
You barely miss Crazy Yiuf.
Crazy Yiuf hits you with a +3 quarterstaff of chaos!
You die...

♣♣♣♣♣### ####
♣♣♣.♣....##
#...#♣..♣......##
###
#..g@.♣♣♣♣......#
# #.# #)..#♣♣
♣♣.....# ## #.#
#### ♣♣###.# .#
#.# ##.#
.########.# #..#
.≈≈≈......####
###.##
.##≈≈≈###....#
#...#
....#≈≈#.....#
#####.###
~≈....≈~.....##
#.....#


You could see Crazy Yiuf.

Vanquished Creatures
  An adder (D:2)
  2 worms (D:2)
  3 dart slugs (D:1)
  7 ball pythons
  4 bats
  An endoplasm (D:1)
  3 goblins
  8 hobgoblins
  2 jackals (D:2)
  2 quokkas
  A frilled lizard (D:1)
  4 kobolds
  3 rats
41 creatures vanquished.

Notes
Turn   | Place    | Note
-------+----------+-------------------------------------------
     0 | D:1      | danielguo94 the Gargoyle Fighter began the quest for the
                  | Orb.
     0 | D:1      | Reached XP level 1. HP: 14/14 MP: 1/1
    88 | D:1      | Reached XP level 2. HP: 19/19 MP: 2/2
   497 | D:1      | Reached XP level 3. HP: 23/23 MP: 3/3
   865 | D:2      | Found an ancient bone altar of Kikubaaqudgha.
  1158 | D:2      | Reached skill level 1 in Dodging
  1267 | D:2      | Reached XP level 4. HP: 28/28 MP: 4/4
  1506 | D:2      | Found a runed translucent door.
  1507 | D:2      | Noticed Crazy Yiuf
  1657 | D:2      | Slain by Crazy Yiuf

Illustrated notes

Levels and vault maps discovered:
D:1:      noname_arrival_rooms_in_the_neighbourhood, layout_loops_corners
D:2:      layout_rooms, serial_rivers, chequers_serial_rivers_micro_d,
          chequers_serial_rivers_small_b, chequers_serial_rivers_small_3,
          chequers_serial_rivers_large_a, chequers_serial_rivers_large_b,
          chequers_serial_rivers_micro_b, basic_altar, minmay_gold_behind_fungi,
          uniq_crazy_yiuf_cottage

Skill      XL: |  1  2  3 |
---------------+----------+-----
Dodging        | 1 |  1.0
Fighting       | |  3.6
Maces & Flails | |  2.7
Armour         | |  3.8
Stealth        | |  0.2
Shields        | |  3.7

Action                     |  1- 3 |  4- 6 || total
---------------------------+-------+-------++-------
  Melee: Flail             |   132 |     8 ||   140
    Use: Scroll            |     2 |       ||     2
         Potion            |       |     1 ||     1
 Armour: Scale mail        |    74 |     4 ||    78
  Dodge: Dodged            |    60 |     5 ||    65
  Block: Buckler           |    33 |     3 ||    36
